 Dungeon Crawl Stone Soup version 0.20.1-1-g8b1a95d (webtiles) character file.

234 Internecine the Covered (level 5, -3/41 HPs)
             Began as a Demonspawn Fighter on Oct 4, 2017.
             Slain by an ogre
             ... wielding a +0 giant spiked club
              (15 damage)
             ... on level 6 of the Dungeon.
             The game lasted 00:21:38 (2857 turns).

Internecine the Covered (Demonspawn Fighter)        Turns: 2857, Time: 00:21:41

Health: -3/41      AC:  7    Str: 17    XL:     5   Next: 75%
Magic:  5/5        EV:  8    Int:  9    God:
Gold:   256        SH:  9    Dex: 13    Spells: 4/4 levels left

rFire    . . .     SeeInvis .   n - -2 hunting sling (curse)
rCold    . . .     Gourm    .   c - +0 shield
rNeg     . . .     Faith    .   o - +0 ring mail (curse)
rPois    .         Spirit   .   A - +0 helmet
rElec    .         Reflect  .   (no cloak)
rCorr    +         Harm     .   (no gloves)
MR       .....                  (no boots)
Stlth    +.........             (no amulet)
Regen    0.2/turn               x - ring of resist corrosion
MPRegen  0.1/turn               (no ring)

@: lethally poisoned (-3 -> -8)
A: talons 1, demonic guardian 1, rot immunity
a: no special abilities


You were on level 6 of the Dungeon.
You were not hungry.

You visited 1 branch of the dungeon, and saw 6 of its levels.

You collected 256 gold pieces.

Inventory:

Hand Weapons
 a - a +1 long sword
 n - a cursed -2 hunting sling (weapon)
 v - a +1 dagger of electrocution
 w - a +1 dagger of draining
Missiles
 h - 41 arrows
 i - 86 stones (quivered)
 p - 35 bolts
 t - 21 sling bullets
Armour
 b - a +0 scale mail
 c - a +0 shield (worn)
 o - a cursed +0 ring mail (worn)
 s - a +0 chain mail
 A - a +0 helmet (worn)
Jewellery
 x - a ring of resist corrosion (left hand)
Scrolls
 y - 3 scrolls of enchant armour
Potions
 d - a potion of might
 e - a potion of cancellation {unknown}
 j - a potion of heal wounds {unknown}
 r - 2 potions of flight {unknown}
 z - 2 potions of lignification {unknown}
 B - 2 potions of haste {unknown}
Comestibles
 f - 2 bread rations
 g - 6 fruits
 q - 3 royal jellies


   Skills:
 + Level 3.6 Fighting
 + Level 3.3 Long Blades
 + Level 0.1(0.3) Slings
 + Level 0.3(0.4) Throwing
 + Level 3.8 Armour
 + Level 1.0 Dodging
 + Level 3.4 Shields


You had 4 spell levels left.
You didn't know any spells.

Dungeon Overview and Level Annotations

Branches:
Dungeon (6/15)
 Temple: D:4-7

Altars:
Gozag
Qazlal
Ru

Annotations:
D:3 Andry07's ghost, amateur GrFi; Grinder
D:4 Pikel


Innate Abilities, Weirdness & Mutations

You have sharp toenails.
A weak demonic guardian rushes to your aid.
You are immune to rotting.


Message History

An ogre comes into view. It is wielding a giant spiked club.
The ogre shouts!
The worker ant barely misses you.
Your shadow imp closely misses the black bear.
The worker ant barely misses you. The worker ant bites you.
You are poisoned.
The worker ant poisons you!
You feel sick.
You feel sick.
Your shadow imp gestures at the black bear.
The black bear writhes in agony!
You feel sick.
Your shadow imp barely misses the black bear.
You open the door.
The black bear closely misses your shadow imp.
The black bear claws your shadow imp but does no damage.
The black bear barely misses your shadow imp.
You block the worker ant's attack.
The ogre hits you with a giant spiked club!
You die...

#.....+ #.....#
#.....# #.....#
.....#####
#######......#####"#
...........O@'......
#.....5h.a.#####..
#..........#
#.....###### #..)..#
#...%.# #.....#
#######.....#
.h.5........#


You could see a black bear, an ogre, a worker ant and a friendly shadow imp.

Vanquished Creatures
  A jelly (D:5)
  A bullfrog skeleton (D:3)
  2 orc wizards (D:3)
  3 adders
  3 oozes
  A worm (D:3)
  A dart slug (D:1)
  3 leopard geckos
  3 orcs (D:3)
  3 giant cockroaches (D:1)
  5 goblins (D:1)
  9 hobgoblins
  3 jackals (D:1)
  5 kobolds
  3 quokkas
  A ball python (D:1)
  3 bats
  3 frilled lizards
  4 rats
57 creatures vanquished.

Vanquished Creatures (collateral kills)
  2 orc wizards (D:3)
  A leopard gecko (D:6)
  2 orcs (D:3)
  A giant cockroach (D:4)
6 creatures vanquished.

Grand Total: 63 creatures vanquished

Notes
Turn   | Place    | Note
-------+----------+-------------------------------------------
     0 | D:1      | Internecine the Demonspawn Fighter began the quest for the Orb.
     0 | D:1      | Reached XP level 1. HP: 18/18 MP: 1/1
   200 | D:1      | Gained mutation: You have sharp toenails. [demonic ancestry]
   200 | D:1      | Reached XP level 2. HP: 24/24 MP: 2/2
   579 | D:1      | Gained mutation: A weak demonic guardian rushes to your aid. [demonic ancestry]
   579 | D:1      | Reached XP level 3. HP: 27/29 MP: 3/3
  1252 | D:2      | Found an opulent altar of Gozag.
  1429 | D:2      | Found a sacrificial altar of Ru.
  1577 | D:2      | Gained mutation: You are immune to rotting. [demonic ancestry]
  1577 | D:2      | Reached XP level 4. HP: 35/35 MP: 4/4
  1811 | D:3      | Reached skill level 1 in Dodging
  1811 | D:3      | Reached XP level 5. HP: 36/41 MP: 5/5
  1972 | D:3      | Noticed Andry07's ghost (amateur GrFi)
  1982 | D:3      | Found a stormy altar of Qazlal.
  1995 | D:3      | Noticed an air elemental
  1995 | D:3      | Noticed a fire elemental
  1995 | D:3      | Noticed a water elemental
  2166 | D:3      | Noticed Grinder
  2169 | D:3      | Paralysed by Grinder for 5 turns
  2216 | D:5      | Entered Level 5 of the Dungeon
  2216 | D:5      | Noticed Pikel
  2216 | D:5      | Noticed a slave
  2216 | D:5      | Noticed a slave
  2216 | D:5      | Noticed a slave
  2216 | D:5      | Noticed a slave
  2221 | D:4      | HP: 2/41 [slave[Pikel] (8)]
  2799 | D:6      | Noticed a black bear
  2851 | D:6      | Noticed an ogre
  2857 | D:6      | Slain by an ogre

Skill      XL: |  1  2  3  4  5 |
---------------+----------------+-----
Armour         | 3 |  3.8
Shields        | 3 |  3.4
Long Blades    | 2 3 |  3.3
Dodging        | 1 |  1.0
Fighting       | |  3.6
Slings         | |  0.1
Throwing       | |  0.3

Action                   |  1- 3 |  4- 6 || total
-------------------------+-------+-------++-------
Melee: Long sword        |   107 |    56 ||   163
       Kick              |    28 |    15 ||    43
 Fire: Hunting sling     |       |     5 ||     5
Throw: Stone             |     3 |       ||     3
  Use: Scroll            |       |     4 ||     4
       Potion            |       |     3 ||     3
  Eat: Chunk             |     2 |     4 ||     6
Armor: Scale mail        |    51 |       ||    51
       Ring mail         |     7 |    26 ||    33
Dodge: Dodged            |    26 |    22 ||    48
Block: Shield            |    59 |    37 ||    96
       Rpst.: Long sword |     9 |     4 ||    13
